 Dungeon Crawl Stone Soup version 0.20-a0-647-gf178af5 (webtiles) character file.

12176 nikopol the Archer (level 11, -4/106 HPs)
             Began as a Gargoyle Berserker on Feb 15, 2017.
             Was a High Priest of Trog.
             Slain by Snorg (21 damage)
             ... on level 11 of the Dungeon.
             The game lasted 00:33:16 (11000 turns).

nikopol the Archer (Gargoyle Berserker)            Turns: 11000, Time: 00:33:17

Health: -4/106     AC: 20    Str: 27    XL:     11   Next: 89%
Magic:  3/3        EV: 14    Int:  7    God:    Trog [*****.]
Gold:   522        SH:  0    Dex: 12    Spells: 10/10 levels left

rFire    + . .     SeeInvis .   a - +2 broad axe (antimagic)
rCold    . . .     Gourm    .   w - +2 ring mail {rN+}
rNeg     + + .     Faith    .   (no shield)
rPois    ∞         Spirit   .   E - +0 helmet
rElec    +         Reflect  .   d - +0 cloak
rCorr    .         Harm     .   j - +0 pair of gloves
MR       +....                  (no boots)
Stlth    ..........             (no amulet)
Regen    0.3/turn               s - ring of protection from magic
MPRegen  0.1/turn               A - ring of protection from fire

@: berserking, very quick
A: negative energy resistance 1, electricity resistance, unbreathing,
petrification resistance, rot immunity, AC +7
a: Berserk, Trog's Hand, Brothers in Arms, Burn Spellbooks, Renounce Religion


You were on level 11 of the Dungeon.
You worshipped Trog.
Trog was extremely pleased with you.
You were very hungry.

You visited 1 branch of the dungeon, and saw 11 of its levels.

You collected 522 gold pieces.

Inventory:

Hand Weapons
 a - a +2 antimagic broad axe (weapon)
 x - a +0 hand axe
 z - a +0 shortbow
 R - a +0 war axe
Missiles
 b - 88 arrows (quivered)
Armour
 d - a +0 cloak (worn)
 j - a +0 pair of gloves (worn)
 w - a +2 ring mail of positive energy (worn)
 E - a +0 helmet (worn)
Jewellery
 f - a +3 ring of protection {unknown}
 s - a ring of protection from magic (right hand)
 A - a ring of protection from fire (left hand)
 L - a +3 ring of intelligence {unknown}
 O - an uncursed ring of ice {unknown}
 P - a +2 ring of strength {unknown}
Wands
 p - a wand of disintegration (4/24)
 B - a wand of flame (13/48)
 J - a wand of polymorph (7/24)
 M - a wand of lightning (6/15)
 N - a wand of scattershot (4/9)
Scrolls
 e - 3 scrolls of teleportation
 i - 2 scrolls of summoning {unknown}
 l - 6 scrolls of identify
 m - 2 scrolls of blinking {unknown}
 n - a scroll of holy word {unknown}
 u - 2 scrolls of enchant armour {unknown}
 y - a scroll of fear {unknown}
 C - 5 scrolls of remove curse
 D - 2 scrolls of enchant weapon {unknown}
 I - a scroll of immolation {unknown}
 Q - a scroll of magic mapping {unknown}
Potions
 h - a potion of haste
 o - a potion of invisibility
 q - 5 potions of flight
 r - a potion of curing
 t - 3 potions of might
 F - 2 potions of cancellation {unknown}
 G - a potion of mutation {unknown}
 K - a potion of lignification {unknown}
Books
 H - a book of Battle

   Spells                             Type                      Level
   a - Infusion                       Charms                       1
   b - Shroud of Golubria             Charms/Translocation         2
   c - Song of Slaying                Charms                       2
   d - Spectral Weapon                Hexes/Charms                 3
   e - Regeneration                   Charms/Necromancy            3
   Trog disapproves of the use of such an item.
Comestibles
 c - 7 bread rations
 g - 2 royal jellies
 k - 3 fruits
 v - 3 meat rations


   Skills:
 + Level 9.0 Fighting
 * Level 9.4 Axes
 * Level 9.4 Bows
 + Level 8.5 Armour
 + Level 6.3 Dodging


You had 10 spell levels left.
You didn't know any spells.

Dungeon Overview and Level Annotations

Branches:
Dungeon (11/15)            Temple (0/1) D:5            Lair (0/6) D:10
    Orc: D:9-12

Altars:
Fedhas
Qazlal

Annotations:
D:11 Snorg


Innate Abilities, Weirdness & Mutations

You are resistant to torment.
Your stone body is resilient. (AC +7)
You are immune to poison.
You resist negative energy. (rN+)
You are resistant to electric shocks. (rElec)
You can survive without breathing.
You are immune to petrification.
You are immune to rotting.


Message History

Snorg misses you. Snorg claws you but does no damage.
Snorg completely misses you. Snorg bites you but does no damage.
Snorg barely misses you. Snorg claws you but does no damage.
You slice Snorg!!
Snorg is moderately wounded.
Snorg misses you. Snorg closely misses you. Snorg claws you.
* * * LOW HITPOINT WARNING * * *
You closely miss Snorg.
Snorg is moderately wounded.
Snorg completely misses you. Snorg claws you but does no damage.
Snorg closely misses you.
You slice Snorg!!
Snorg is heavily wounded.
Snorg bites you!
* * * LOW HITPOINT WARNING * * *
Snorg claws you but does no damage. Snorg completely misses you.
You hit Snorg.
Snorg is heavily wounded.
Snorg bites you!!
You die...

#....?#...>..
#.....#.....#
........... ....#.#.##
#. ........#
#.##......(#
####.##.......## ..
........@(......
#......# ##..##.†T....##
#....#.###..(.....(....#
#...............##......
#...............##.#(..#
#....................(..
#................#.#.#(.
.......###.......# #...(
.................# ##


You could see Snorg (berserk).

Vanquished Creatures
  2 two-headed ogres
  The ghost of Shenda the Spear-Bearer, a novice FoFi (D:10)
  3 ugly things
  The ghost of graki42 the Covered, a novice HaFi of the Shining One (D:6)
  A centaur zombie (D:10)
  Grinder (D:3)
  A hornet (D:10)
  4 hippogriffs
  13 yaks
  A hungry ghost (D:8)
  A wraith (D:10)
  Grum (D:8)
  Menkaure (D:7)
  A steam dragon (D:8)
  2 water moccasins
  4 porcupines (D:10)
  Duvessa (D:4)
  5 orc warriors
  4 ice beasts
  2 black bears
  3 sky beasts
  3 ogres
  2 phantoms
  2 wolves (D:8)
  A crocodile (D:10)
  2 centaurs
  2 big kobolds
  4 bullfrogs
  Dowan (D:4)
  A water moccasin zombie (D:10)
  4 scorpions
  A water moccasin skeleton (D:9)
  5 wights (D:10)
  6 crimson imps
  2 quasits
  A bullfrog skeleton (D:7)
  8 hounds
  Crazy Yiuf (D:3)
  Jessica (D:2)
  Ijyb (D:3)
  3 iguanas
  Natasha (thrice) (D:3)
  3 orc wizards
  6 worker ants
  A hound skeleton (D:4)
  A worker ant zombie (D:11)
  Robin (D:3)
  12 adders
  A shadow imp (D:8)
  An ooze (D:3)
  2 adder skeletons
  3 worms
  3 dart slugs
  7 leopard geckos
  31 orcs
  A ball python (D:4)
  9 bats
  11 giant cockroaches
  16 hobgoblins
  5 jackals (D:4)
  2 quokkas
  3 frilled lizards
  11 goblins
  13 kobolds
  A leopard gecko skeleton (D:6)
  A quokka zombie (D:6)
  6 rats
  A butterfly (D:5)
259 creatures vanquished.

Vanquished Creatures (collateral kills)
  2 wolves (D:8)
2 creatures vanquished.

Vanquished Creatures (others)
  5 fungi (D:10)
  12 plants (D:10)
17 creatures vanquished.

Grand Total: 278 creatures vanquished

Notes
Turn   | Place    | Note
-------+----------+-------------------------------------------
     0 | D:1      | nikopol the Gargoyle Berserker began the quest for the Orb.
     0 | D:1      | Reached XP level 1. HP: 14/14 MP: 1/1
   134 | D:1      | Reached XP level 2. HP: 14/19 MP: 2/2
   634 | D:2      | Noticed Jessica
   645 | D:2      | Reached XP level 3. HP: 23/23 MP: 3/3
   651 | D:2      | Reached ** piety under Trog
   654 | D:2      | Killed Jessica
   813 | D:2      | Reached XP level 4. HP: 24/29 MP: 4/4
  1505 | D:3      | Found a blossoming altar of Fedhas.
  1610 | D:3      | Reached XP level 5. HP: 32/33 MP: 5/5
  1618 | D:3      | Noticed Natasha
  1627 | D:3      | Killed Natasha
  1860 | D:3      | Noticed Natasha
  1861 | D:3      | Noticed Robin
  1867 | D:3      | Killed Natasha
  1872 | D:3      | Reached *** piety under Trog
  1893 | D:3      | Killed Robin
  2092 | D:3      | Noticed Grinder
  2097 | D:3      | Reached XP level 6. HP: 31/39 MP: 6/6
  2112 | D:3      | Killed Grinder
  2331 | D:3      | Reached XP level 7. HP: 42/44 MP: 7/7
  2337 | D:3      | Noticed Ijyb
  2358 | D:3      | Killed Ijyb
  2358 | D:3      | Reached skill level 5 in Fighting
  2423 | D:3      | Noticed Natasha
  2433 | D:3      | Killed Natasha
  2516 | D:3      | Found a runed door.
  2520 | D:3      | Noticed Crazy Yiuf
  2532 | D:3      | Killed Crazy Yiuf
  3013 | D:4      | Noticed Duvessa
  3015 | D:4      | Noticed Dowan
  3022 | D:4      | Killed Duvessa
  3022 | D:4      | Reached skill level 1 in Bows
  3046 | D:4      | Killed Dowan
  3046 | D:4      | Reached skill level 5 in Armour
  3159 | D:4      | Reached **** piety under Trog
  3159 | D:4      | Reached XP level 8. HP: 50/50 MP: 8/8
  3197 | D:4      | Reached skill level 5 in Axes
  3492 | D:5      | Entered Level 5 of the Dungeon
  4092 | D:5      | Found a staircase to the Ecumenical Temple.
  4179 | D:5      | Found a stormy altar of Qazlal.
  4568 | D:6      | Noticed graki42's ghost (novice HaFi)
  4590 | D:6      | Killed graki42's ghost
  4590 | D:6      | Reached XP level 9. HP: 56/56 MP: 9/9
  5638 | D:6      | You fall through a shaft for 2 floors!
  5649 | D:7      | Noticed Menkaure
  5654 | D:7      | Killed Menkaure
  5659 | D:7      | Reached skill level 5 in Bows
  6168 | D:7      | Reached ***** piety under Trog
  6186 | D:7      | Received a gift from Trog
  6186 | D:7      | Reached skill level 5 in Dodging
  6200 | D:7      | Reached XP level 10. HP: 16/63 MP: 10/10
  6867 | D:8      | Noticed Grum
  6904 | D:8      | Killed Grum
  7196 | D:8      | Received a gift from Trog
  8344 | D:9      | Noticed a two-headed ogre
  8359 | D:9      | Killed a two-headed ogre
  8749 | D:10     | Entered Level 10 of the Dungeon
  8776 | D:10     | Noticed Shenda's ghost (novice FoFi)
  8791 | D:10     | Killed Shenda's ghost
  8791 | D:10     | Reached XP level 11. HP: 68/68 MP: 11/11
  9406 | D:10     | Received a gift from Trog
  9530 | D:10     | Found a staircase to the Lair.
  9549 | D:10     | Noticed a green ugly thing
  9628 | D:10     | Killed a green ugly thing
 10153 | D:10     | Received a gift from Trog
 10603 | D:11     | Noticed a two-headed ogre
 10614 | D:11     | Killed a two-headed ogre
 10694 | D:11     | Noticed a cyan ugly thing
 10709 | D:11     | Killed a cyan ugly thing
 10856 | D:11     | Noticed a purple ugly thing
 10872 | D:11     | Killed a purple ugly thing
 10983 | D:11     | Noticed Snorg
 11000 | D:11     | Slain by Snorg

Vault maps used:
D:1:      roderic_crop_circles_arrival_small
D:2:      first_bread, minivault_11, minmay_misc_feat_five, uniq_jessica
D:3:      minmay_misc_feat_hallway, fedhas_altar_4, uniq_robin, uniq_iyjb,
          uniq_natasha, uniq_grinder, uniq_crazy_yiuf_cottage
D:4:      uniq_duvessa
D:5:      minmay_temple_entry_butterflies, basic_altar, kennysheep_doodads,
          nrook_mini_vaults
D:6:      kennysheep_crisscross
D:7:      uniq_menkaure
D:8:      uniq_grum
D:10:     grunt_lair_entry_orc_guard_hut
D:11:     kennysheep_big_flooded_room, uniq_snorg

Skill      XL: |  1  2  3  4  5  6  7  8  9 10 11 |
---------------+----------------------------------+-----
Axes           | 3 4 5 7 8 9 |  9.4
Dodging        | 2 3 4 5 6 |  6.3
Armour         | 3 4 5 6 7 8 |  8.5
Fighting       | 4 5 6 7 8 9 |  9.0
Bows           | 1 3 6 7 9 |  9.4

Action                   |  1- 3 |  4- 6 |  7- 9 | 10-12 || total
-------------------------+-------+-------+-------+-------++-------
Melee: Hand axe          |    83 |   237 |   277 |       ||   597
       War axe           |       |       |   135 |   272 ||   407
       Broad axe         |       |       |       |    54 ||    54
 Fire: Shortbow          |       |       |   137 |   276 ||   413
Invok: Burn Spellbooks   |       |     1 |     1 |     2 ||     4
       Berserk           |       |     2 |     5 |     8 ||    15
       Brothers in Arms  |       |       |       |     1 ||     1
  Use: Scroll            |       |       |     9 |       ||     9
 Stab: Invisible         |       |       |     1 |       ||     1
  Eat: Chunk             |       |     7 |    16 |    22 ||    45
       Fruit             |       |       |       |     3 ||     3
Armor: Ring mail         |    48 |   100 |   179 |   179 ||   506
       Animal skin       |     6 |       |       |       ||     6
       Scale mail        |       |     3 |    36 |       ||    39
Dodge: Dodged            |    69 |   139 |   242 |   235 ||   685
